Map: Romanticide LE

Players

milkicow

  • Race: Terran Terran

Serral - Winner!

  • Race: Zerg Zerg

Event: DreamHack SC2 Masters 2021 Fall

VOD

Have the link to the VOD?

Description

Time

  • Played on: Aug. 4, 2021, 12:09 p.m.
  • Length: 3:17

All games in this series

Show
View Real Time Build Order
Export as new Build Order

milkicow Terran 

Build Orders:  

Get SALT Encoding   

  12  0:00  SCV  
  13  0:12  SCV  
  14  0:17  Supply Depot  
  14  0:24  SCV  
  15  0:44  Barracks  
  15  0:47  Barracks  
  15  0:51  SCV  
  16  0:58  Refinery  
  16  1:03  SCV  
  17  1:15  SCV  
  18  1:30  Marine  
  18  1:31  Orbital Command  
  19  1:33  Supply Depot  
  19  1:35  Marine  
  20  1:48  Reaper  
  21  1:54  Marine  
  21  2:00  SCV  
  23  2:12  SCV  
  24  2:21  Factory  
  24  2:23  Marine x2  
  24  2:24  SCV  
  24  2:28  Bunker  
  27  2:32  Bunker  
  27  2:36  SCV  
  27  2:49  SCV  
  27  3:01  SCV  
Show
View Real Time Build Order
Export as new Build Order

Serral Zerg - Winner!

Build Orders: Pool First 

Get SALT Encoding   

  12  0:00  Drone  
  13  0:12  Overlord  
  13  0:17  Drone  
  14  0:30  Drone x2  
  14  0:34  Drone  
  17  0:44  Extractor, Drone  
  17  0:49  Spawning Pool  
  16  0:55  Drone  
  17  1:06  Drone  
  18  1:16  Hatchery  
  17  1:20  Drone  
  18  1:36  Queen, Zergling x2  
  18  1:39  Zergling x2  
  22  1:44  Metabolic Boost  
  22  1:52  Overlord  
  22  2:11  Queen  
  24  2:16  Zergling x4  
  24  2:21  Zergling x2  
  24  2:22  Spine Crawler  
  26  2:28  Zergling x2  
  27  2:34  Zergling x2  
  28  2:47  Zergling x8  
  30  2:52  Overlord  
  32  2:59  Drone  
  32  3:01  Drone  

Tags
 
Add a new tag
Caveats
  • Supply blocks, unpowered buildings, or Contaminate may cause inaccurate times.
  • Supply counts are checked every 10 seconds.